 Dungeon Crawl Stone Soup version 0.28-a0-987-g8383568036 (webtiles) character file.

Game seed: 8589173235953590513

24376 1994 the Spear-Bearer (level 13, -7/129 HPs)
             Began as an Ogre Hunter on Dec 4, 2021.
             Was an Elder of Hepliaklqana.
             Mangled by a reaper (14 damage)
             ... in an ice cave.
             The game lasted 00:39:12 (12779 turns).

1994 the Spear-Bearer (Ogre Hunter)                Turns: 12779, Time: 00:39:13

Health: -7/129     AC: 13    Str: 29    XL:     13   Next: 12%
Magic:  16/17      EV: 10    Int: 12    God:    Hepliaklqana [****..]
Gold:   863        SH:  0    Dex:  9    Spells: 9/12 levels left

rFire   . . .      SeeInvis .   b - +0 halberd
rCold   . . .      Faith    .   (shield currently unavailable)
rNeg    . . .      Spirit   .   P - +0 acid dragon scales
rPois   .          Reflect  .   H - +2 hat
rElec   .          Harm     .   y - +2 cloak
rCorr   +          Rampage  .   (gloves unavailable)
Will    +....                   (boots unavailable)
Stlth   +.........              e - amulet of regeneration
HPRegen 1.11/turn               p - ring of wizardry
MPRegen 0.15/turn               U - +6 ring of strength

@: no status effects
A: reduced essence, large, unfitting armour, tough skin 1
a: Renounce Religion, Recall Ancestor, Ancestor Identity, Transference, Idealise


You were in an ice cave.
You worshipped Hepliaklqana.
Hepliaklqana was greatly pleased with you.
You visited 3 branches of the dungeon, and saw 16 of its levels.
You also visited: Ice Cave.

You collected 863 gold pieces.

Inventory:

Hand Weapons
 a - a +0 spear
 b - a +0 halberd (weapon)
 u - a +3 hand axe
 w - a +0 war axe of electrocution
 D - a +0 short sword of venom
 K - a +0 trident
Missiles
 c - 14 large rocks (quivered)
 g - 369 stones
 i - 9 javelins
 s - 4 throwing nets
 x - 52 poisoned darts
 B - 10 boomerangs
Armour
 d - a +1 robe of willpower
 y - a +2 cloak (worn)
 H - a +2 hat (worn)
 P - +0 acid dragon scales (worn)
Jewellery
 e - an amulet of regeneration (around neck)
 p - a ring of wizardry (left hand)
 R - a ring of positive energy
 U - a +6 ring of strength (right hand)
Wands
 f - a wand of paralysis (6)
 G - a wand of flame (28)
 J - a wand of iceblast (8)
 O - a wand of charming (9)
Scrolls
 j - a scroll of holy word {unknown}
 l - a scroll of immolation
 o - 2 scrolls of fog
 v - a scroll of silence
 z - a scroll of acquirement {unknown}
 A - a scroll of teleportation {unknown}
 I - a scroll of summoning {unknown}
 L - a scroll of brand weapon {unknown}
 M - a scroll of enchant weapon {unknown}
 Q - a scroll of blinking
 S - a scroll of enchant armour {unknown}
Potions
 h - a potion of magic {unknown}
 k - a potion of might {unknown}
 m - 2 potions of attraction {unknown}
 n - a potion of curing
 q - 4 potions of brilliance
 t - a potion of invisibility {unknown}
 C - a potion of haste {unknown}
 E - a potion of lignification {unknown}
 F - 5 potions of heal wounds
Miscellaneous
 r - a phial of floods
 N - a condenser vane (inert)


   Skills:
 + Level 13.4 Fighting
 * Level 14.2 Polearms
 + Level 11.1 Throwing
 - Level 3.5 Armour
 - Level 3.4 Dodging
 - Level 0.6 Stealth
 + Level 6.4 Invocations


You had 9 spell levels left.
You knew the following spells:

 Your Spells              Type           Power      Damage    Failure   Level
a - Portal Projectile     Hex/Tloc       0%         N/A       41%         3

Your spell library contained the following spells:

 Spells                   Type           Power      Damage    Failure   Level
 Freeze                   Ice            0%         1d3       16%         1
 Magic Dart               Conj           0%         1d3       16%         1
 Searing Ray              Conj           0%         2d4       24%         2
 Call Canine Familiar     Summ           0%         N/A       41%         3
 Frozen Ramparts          Ice            0%         1d2       41%         3
 Fulminant Prism          Conj/Hex       0%         3d6       80%         4
 Hailstorm                Conj/Ice       0%         3d3       80%         4
 Leda's Liquefaction      Hex/Erth       0%         N/A       80%         4


Dungeon Overview and Level Annotations

Branches:
Dungeon (13/15)            Temple (1/1) D:5            Lair (2/6) D:9
 Shoals (0/4) Lair:2          Orc (0/2) D:10          IceCv (1/1)
  Snake: Lair:2-4    Spider: Lair:2-4    Vaults: D:13-14

Altars:
Ashenzari
Cheibriados
Dithmenos
Elyvilon
Fedhas
Gozag
Hepliaklqana
Kikubaaqudgha
Makhleb
Nemelex Xobeh
Okawaru
Qazlal
Ru
Sif Muna
Trog
Uskayaw
Vehumet
Wu Jian
Xom
Yredelemnul
Zin
The Shining One

Shops:
D:12 =

Annotations:
D:3 2 transporters
D:8 Gastronok


Innate Abilities, Weirdness & Mutations

Your life essence is reduced to manifest your ancestor. (-10% HP)
You are too large for most types of armour.
You have tough skin. (AC +1)


Message History

The ice devil hits you but does no damage.
Unknown command.
Unknown command.
You slash the ice devil!
The ice devil is heavily wounded.
Tiberius hits the ice devil with a +0 flail!
The ice devil hits you. The ice devil freezes you!
Unknown command.
Unknown command.
Unknown command.
You slash the ice devil!
The ice devil is severely wounded.
The reaper hits you from afar with a +0 scythe of freezing!
The reaper freezes you. The ice devil hits you! The ice devil freezes you!
Tiberius barely misses the ice devil.
Unknown command.
Unknown command.
Unknown command.
You completely miss the ice devil.
The ice devil is severely wounded.
The reaper hits you from afar with a +0 scythe of freezing!!
The reaper freezes you!
* * * LOW HITPOINT WARNING * * *
Tiberius hits the ice devil with a +0 flail!
The ice devil dies!
Unknown command.
Unknown command.
What are your orders? t - Shout!
Orders for allies: a - Attack new target. r - Retreat! s - Stop attacking. g - Guard the area. f - Follow me.
Anything else - Cancel.
Retreat in which direction?
Press: ? - help, Dir - move target Fall back!
The reaper hits you from afar with a +0 scythe of freezing!!
* * * LOW HITPOINT WARNING * * *
The reaper freezes you!
You die...

#☼☼○☼§....(#..###...##..##
§§○§.2..4.....# #..###...#
#..####...#...# ##.#.##..#
#. .......#...# ##....#..#
# ........#...###....##..#
#..#..###....##....#..##
#..#.##.....2##)..##..# #.
#.#.....#R.##..#..## #
#.....#.###.@####..#
....#...# #...###.##
.......## ##..#..##
#.§.... ##....# #.....#
##..## ##...# #### ##.# ##


You could see the friendly Tiberius the knight and a reaper.

Vanquished Creatures
  Jorgrun (D:12)
  Nessos (D:12)
  Harold (D:7)
  A two-headed ogre (D:8)
  A deep elf pyromancer (D:12)
  2 cyclopes
  A manticore (D:12)
  2 black mambas
  2 ice statues (IceCv)
  A cane toad (Lair:2)
  A rime drake (Lair:2)
  2 komodo dragons (Lair:1)
  An entropy weaver simulacrum (IceCv)
  2 ice devils (IceCv)
  2 trolls (D:10)
  Grinder (D:4)
  A hornet (D:10)
  13 yaks
  A wraith (D:10)
  2 wyverns
  A basilisk (Lair:1)
  2 steam dragons (D:7)
  2 vampire mosquitoes (D:7)
  3 acid dragons
  2 water moccasins (D:7)
  An ice beast (D:5)
  3 orc warriors
  A sky beast (D:6)
  4 wolves (Lair:1)
  A black bear (Lair:1)
  3 necrophages
  2 centaurs
  3 kobold brigands
  6 bullfrogs
  A gnoll sergeant (D:8)
  A cane toad simulacrum (Lair:2)
  3 scorpions
  A wyvern zombie (D:9)
  2 water moccasin zombies
  2 killer bees (D:9)
  4 wights (D:7)
  4 howler monkeys
  An electric eel (Lair:2)
  4 centaur zombies
  2 jellies
  An orc priest (D:7)
  A hound (D:5)
  Crazy Yiuf (D:3)
  A gnoll shaman (D:6)
  3 iguanas
  A centaur skeleton (D:6)
  6 orc wizards
  3 polar bear simulacra (IceCv)
  2 hound skeletons (D:4)
  Robin (D:2)
  8 gnolls
  2 howler monkey skeletons
  6 adders
  A naga simulacrum (IceCv)
  A shadow imp (D:8)
  2 white imps
  2 ufetubi (IceCv)
  2 adder skeletons (D:4)
  A worm (D:2)
  3 dart slugs
  21 orcs
  3 ball pythons
  4 bats
  13 endoplasms
  2 giant cockroaches (D:2)
  11 hobgoblins
  17 kobolds
  6 quokkas
  2 frilled lizards
  17 goblins
  5 rats
247 creatures vanquished.

Vanquished Creatures (collateral kills)
  2 two-headed ogres
  A deep elf pyromancer (D:12)
  2 cyclopes
  An ugly thing (D:12)
  A gargoyle (D:10)
  3 cane toads (Lair:1)
  A rime drake (Lair:2)
  2 komodo dragons
  2 ice devils (IceCv)
  A freezing wraith (IceCv)
  2 hornets
  A shadow (D:11)
  A wyvern (D:10)
  A yak (Lair:1)
  A vampire (D:12)
  A death yak simulacrum (IceCv)
  A harpy simulacrum (IceCv)
  3 water moccasins
  2 orc warriors
  A sky beast (D:6)
  A black bear (D:7)
  A centaur (D:11)
  2 wolves (Lair:1)
  2 two-headed ogre simulacra (IceCv)
  A cane toad simulacrum (IceCv)
  7 killer bees (D:9)
  2 centaur zombies
  An orc priest (D:10)
  4 orc wizards
  A killer bee zombie (D:7)
  A gnoll (D:8)
  2 white imps (IceCv)
  11 orcs
  4 kobolds
70 creatures vanquished.

Vanquished Creatures (others)
  6 knights
  4 ancestors
  An orc (D:7)
  5 fungi
  6 plants
22 creatures vanquished.

Grand Total: 339 creatures vanquished

Notes
Turn   | Place    | Note
-------+----------+-------------------------------------------
     0 | D:1      | 1994 the Ogre Hunter began the quest for the Orb.
     0 | D:1      | Reached XP level 1. HP: 22/22 MP: 1/1
    84 | D:1      | Found a faded altar of an unknown god.
   223 | D:1      | Reached XP level 2. HP: 22/29 MP: 2/2
   268 | D:1      | Reached skill level 1 in Polearms
   539 | D:1      | You fall into a shaft and drop 1 floor!
   775 | D:2      | Reached XP level 3. HP: 37/37 MP: 3/3
  1070 | D:2      | Noticed Robin
  1077 | D:2      | Killed Robin
  1078 | D:2      | Reached skill level 2 in Polearms
  1186 | D:2      | Reached XP level 4. HP: 45/45 MP: 4/4
  1566 | D:3      | Found a transporter.
  1568 | D:3      | Found a transporter.
  1597 | D:3      | Found a shadowy altar of Dithmenos.
  1957 | D:3      | Found a runed translucent door.
  1958 | D:3      | Noticed Crazy Yiuf
  1974 | D:3      | Killed Crazy Yiuf
  1975 | D:3      | Reached skill level 3 in Polearms
  1975 | D:3      | Reached XP level 5. HP: 15/54 MP: 5/5
  2092 | D:4      | Noticed Grinder
  2094 | D:4      | Paralysed by Grinder for 6 turns
  2123 | D:4      | Killed Grinder
  2124 | D:4      | Reached skill level 4 in Polearms
  2124 | D:4      | Reached skill level 5 in Throwing
  2124 | D:4      | Reached XP level 6. HP: 5/65 MP: 6/6
  2230 | D:4      | Reached skill level 5 in Fighting
  2595 | D:4      | Reached XP level 7. HP: 55/72 MP: 7/7
  2715 | D:4      | Reached skill level 5 in Polearms
  2954 | D:4      | Found a sacrificial altar of Ru.
  3014 | D:5      | Entered Level 5 of the Dungeon
  3038 | D:5      | Found a staircase to the Ecumenical Temple.
  3045 | Temple   | Entered the Ecumenical Temple
  3053 | Temple   | Became a worshipper of Hepliaklqana the Forgotten
  3182 | D:5      | Reached skill level 6 in Polearms
  3182 | D:5      | Reached XP level 8. HP: 77/83 MP: 8/8
  3421 | D:5      | Found a white marble altar of Elyvilon.
  4057 | D:6      | Reached skill level 7 in Polearms
  4214 | D:6      | Found a shimmering altar of Xom.
  4236 | D:6      | Found a broken altar of Ashenzari.
  4351 | D:6      | Reached * piety under Hepliaklqana
  4516 | D:7      | Reached XP level 9. HP: 70/84 MP: 9/9
  4573 | D:7      | Reached skill level 8 in Polearms
  4790 | D:7      | Reached skill level 9 in Polearms
  5083 | D:7      | Noticed Harold
  5281 | D:7      | Killed Harold
  5282 | D:7      | Reached skill level 10 in Polearms
  5282 | D:7      | Reached XP level 10. HP: 84/98 MP: 10/10
  5596 | D:8      | Noticed a two-headed ogre
  5598 | D:8      | Killed a two-headed ogre
  5599 | D:8      | Reached skill level 10 in Fighting
  5911 | D:8      | Noticed Gastronok
  6332 | D:9      | Reached ** piety under Hepliaklqana
  6333 | D:9      | Remembered your ancestor Tiberius as a knight
  6663 | D:9      | Learned a level 3 spell: Portal Projectile
  6672 | D:9      | Found a staircase to the Lair.
  6746 | D:9      | Reached skill level 11 in Polearms
  7373 | D:10     | Entered Level 10 of the Dungeon
  7415 | D:10     | Found a sparkling altar of Nemelex Xobeh.
  7452 | D:10     | Noticed a two-headed ogre
  7464 | D:10     | Killed a two-headed ogre
  7465 | D:10     | Reached skill level 1 in Armour
  7465 | D:10     | Reached XP level 11. HP: 68/108 MP: 8/11
  7547 | D:10     | Found a staircase to the Orcish Mines.
  7560 | D:10     | Paralysed by a hornet for 2 turns
  7608 | D:10     | Reached *** piety under Hepliaklqana
  7715 | D:10     | Found an iron altar of Okawaru.
  7961 | D:10     | Reached skill level 1 in Invocations
  8432 | D:11     | Noticed a cyclops
  8441 | D:11     | Killed a cyclops
  8442 | D:11     | Reached skill level 12 in Polearms
  8842 | D:11     | Noticed a cyclops
  8892 | D:11     | Killed a cyclops
  9161 | D:12     | Noticed Nessos
  9425 | D:12     | Found Wifathrag's Jewellery Boutique.
  9499 | D:12     | Noticed a cyclops
  9517 | D:12     | Killed a cyclops
  9528 | D:12     | Noticed a cyclops
  9543 | D:12     | Killed a cyclops
  9551 | D:12     | Noticed a deep elf pyromancer
  9578 | D:12     | Killed a deep elf pyromancer
  9588 | D:12     | Noticed a red ugly thing
  9604 | D:12     | Noticed Jorgrun
  9623 | D:12     | Killed a red ugly thing
  9642 | D:12     | HP: 2/110 [Jorgrun (6)]
  9651 | D:12     | Killed Jorgrun
  9652 | D:12     | Reached skill level 10 in Throwing
  9652 | D:12     | Reached XP level 12. HP: 12/118 MP: 14/14
  9851 | D:12     | Noticed a two-headed ogre
  9854 | D:12     | Killed a two-headed ogre
 10294 | D:12     | Identified the +2 helmet "Maijeagg" {rPois Stlth+}
 10425 | D:12     | Reached skill level 13 in Polearms
 10589 | D:12     | Reached **** piety under Hepliaklqana
 10656 | D:12     | Your ally Nessos died
 10890 | Lair:1   | Entered Level 1 of the Lair of Beasts
 11170 | Lair:1   | Reached skill level 5 in Invocations
 12190 | Lair:2   | Found a frozen archway.
 12242 | IceCv    | Entered an ice cave
 12368 | IceCv    | Reached XP level 13. HP: 129/129 MP: 17/17
 12409 | IceCv    | Reached skill level 14 in Polearms
 12761 | IceCv    | Noticed a reaper
 12779 | IceCv    | Mangled by a reaper

Illustrated notes

Levels and vault maps discovered:
D:1:      dpeg_arrival_lava_temple_mockup, layout_basic,
          shapermc_ecumenical_altar_notcrosses
D:2:      layout_basic, uniq_robin
D:3:      gammafunk_wand_slinger, layout_rooms, grunt_dithmenos_smoke,
          minmay_misc_feat_nine_boxes, uniq_crazy_yiuf_cottage
D:4:      layout_basic, nicolae_ru_the_path_less_chosen, nzn_random_ring,
          uniq_grinder
D:5:      layout_loops_ring, mainiacjoe_overflow_catwalk,
          minmay_temple_entry_junction_2, st_stairs_2
D:6:      layout_rooms, chequers_temple_overflow_statue_of_worship
D:7:      layout_basic, serial_corexii_hall, chequers_hall_statues_corner_a,
          chequers_hall_statues_wall_a, corexii_hall_statues_l,
          chequers_hall_statues_wall_a, corexii_hall_statues_deadend,
          corexii_hall_statues_i, uniq_harold
D:8:      layout_rooms, uniq_gastronok
D:9:      layout_basic, dpeg_oklobed_lair, grunt_ministairs_1
D:10:     layout_rooms, okawaru_altar_gauntlet_db,
          nemelex_xobeh_ov_fountains_minmay, orc_0_dummy, serial_aquarium,
          aquarium_bridge_long_separate [aquarium_subvault_wall,
          aquarium_subvault_bridge, aquarium_subvault_bridge,
          aquarium_subvault_wall, aquarium_subvault_window,
          aquarium_subvault_bridge], aquarium_window_1,
          aquarium_window_corridor_2, aquarium_window_2, aquarium_window_2,
          aquarium_view_4, aquarium_balcony_double_2, serial_bayou_pond_b
D:11:     layout_long_grid
D:12:     layout_basic, gauntlet_entry_generic, serial_shops, shop_coins,
          serial_park_tiny_pond, uniq_jorgrun, uniq_nessos
D:13:     layout_loops_cross, kennysheep_donut, nicolae_shop_fire_sale
          [nicolae_sub_dead_trees], serial_bayou_lagoon_b
Temple:   nicolae_temple_no_exploring_needed
Lair:1:   layout_layer_cave
Lair:2:   layout_gridlike, elwin_shoals_entry_rocks,
          portal_ice_cave_entry_ice_simulacra, nicolae_quartered_pool_super
IceCv:    ice_cave_small_demon

Skill      XL: |  1  2  3  4  5  6  7  8  9 10 11 12 13 |
---------------+----------------------------------------+-----
Fighting       | 3 4 5 6 7 9 11 13 | 13.4
Polearms       | 1 2 3 4 6 7 10 11 12 13 14 | 14.2
Dodging        | 2 3 |  3.4
Throwing       | 5 6 8 9 10 11 | 11.1
Armour         | 1 3 |  3.5
Invocations    | 3 6 |  6.4
Stealth        | |  0.6

Action                   |  1- 3 |  4- 6 |  7- 9 | 10-12 | 13-15 || total
-------------------------+-------+-------+-------+-------+-------++-------
Melee: Short sword       |    72 |     3 |    14 |       |       ||    89
       Spear             |    79 |   208 |   243 |       |       ||   530
       Halberd           |       |       |   149 |   438 |    57 ||   644
Throw: Large rock        |     2 |     6 |    18 |    11 |     4 ||    41
       Javelin           |       |     8 |     2 |       |       ||    10
       Throwing net      |       |     2 |       |     5 |       ||     7
       Boomerang         |       |       |     3 |       |       ||     3
       Dart              |       |       |     3 |     9 |       ||    12
Invok: Recall Ancestor   |       |       |     1 |     5 |     3 ||     9
       Ancestor Life: Kn |       |       |       |     1 |       ||     1
Evoke: Phial of floods   |       |       |       |     1 |       ||     1
       Wand              |       |       |       |     2 |       ||     2
       Condenser vane    |       |       |       |     1 |       ||     1
  Use: Scroll            |       |     2 |     2 |    10 |       ||    14
       Potion            |       |       |       |     2 |       ||     2
 Stab: Sleeping          |     2 |       |       |     1 |       ||     3
       Distracted        |       |       |     2 |     1 |     2 ||     5
Armor: Robe              |    40 |    49 |    97 |    33 |       ||   219
       Acid dragon scale |       |       |       |    80 |    14 ||    94
       Skin              |       |       |       |     2 |       ||     2
Dodge: Dodged            |    72 |    84 |   144 |   155 |    18 ||   473

Table legend: (Time is in decaauts)
 A = Elapsed time spent in this place.
 B = Non-inter-level travel time spent in this place.
 C = Inter-level travel time spent in this place.
 D = Time resting spent in this place.
 E = Time spent auto-exploring this place.
 F = Levels seen in this place.
 G = Mean time per level.
                   A        B        C        D        E       F      G
               +--------+--------+--------+--------+--------+-----+--------+
         Total |  12740 |  12126 |    614 |   1636 |   6487 |  17 |  749.4 |
       Dungeon |  10867 |  10318 |    549 |   1387 |   5559 |  13 |  835.9 |
        Temple |     15 |      9 |      6 |      0 |      0 |   1 |   15.0 |
          Lair |   1333 |   1275 |     58 |     62 |    928 |   2 |  666.5 |
      Ice Cave |    523 |    523 |      0 |    187 |      0 |   1 |  523.0 |
               +--------+--------+--------+--------+--------+-----+--------+

Top non-repeatable levels by time:
    D:12: 1614 daAuts
     D:9: 1334 daAuts
  Lair:1: 1190 daAuts
     D:2: 962 daAuts
     D:7: 953 daAuts
     D:4: 937 daAuts
    D:10: 925 daAuts
     D:5: 912 daAuts
    D:11: 910 daAuts
     D:8: 620 daAuts
     D:6: 589 daAuts
     D:3: 564 daAuts
     D:1: 542 daAuts
   IceCv: 523 daAuts
  Lair:2: 142 daAuts
